 Dungeon Crawl Stone Soup version 0.20.1-1-g8b1a95d (webtiles) character file.

223 spiff the Insei (level 6, -1/38 HPs)
             Began as an Octopode Transmuter on July 19, 2017.
             Slain by Menkaure (21 damage)
             ... on level 3 of the Dungeon.
             The game lasted 00:06:48 (3045 turns).

spiff the Insei (Octopode Transmuter)               Turns: 3045, Time: 00:06:48

Health: -1/38      AC:  1    Str: 11    XL:     6   Next: 0%
Magic:  3/9        EV: 13    Int: 15    God:
Gold:   231        SH:  0    Dex: 13    Spells: 2/9 levels left

rFire    + . .     SeeInvis .     - Unarmed
rCold    . . .     Gourm    .   (no shield)
rNeg     . . .     Faith    .   (helmet restricted)
rPois    .         Spirit   .   s - amulet of regeneration
rElec    .         Reflect  .   p - ring of protection from fire
rCorr    .         Harm     .   (no ring)
MR       .....                  (no ring)
Stlth    ++++......             (no ring)
Regen    0.6/turn               (no ring)
MPRegen  0.2/turn               (no ring)
                                (no ring)
                                (no ring)

@: appendage, very slightly contaminated
A: almost no armour, stealthy swim, amphibious, 8 rings, constrict 8, tentacle
spike 3, camouflage 1, gelatinous body 1
a: End Transformation


You were on level 3 of the Dungeon.
You were not hungry.
One of your tentacles had a temporary spike.
You visited 1 branch of the dungeon, and saw 4 of its levels.

You collected 231 gold pieces.

Inventory:

Missiles
 a - 31 arrows
 j - 19 tomahawks
 k - 6 javelins
 m - 34 stones (quivered)
Armour
 v - a +0 buckler
Jewellery
 p - a ring of protection from fire (left tentacle)
 s - an amulet of regeneration (around mantle)
Wands
 t - a wand of lightning (7/15)
Scrolls
 f - 4 scrolls of remove curse
 g - 3 scrolls of identify
 l - a scroll of fear
Potions
 q - 3 potions of curing
Books
 b - a book of Changes

   Spells                             Type                      Level
   a - Beastly Appendage              Transmutation                1
   b - Sticks to Snakes               Transmutation                2
   c - Spider Form                    Transmutation/Poison         3
   d - Ice Form                       Ice/Transmutation            4
   e - Blade Hands                    Transmutation                5
Comestibles
 c - a bread ration
 n - 2 royal jellies
 o - 2 fruits
 r - 2 meat rations


   Skills:
 - Level 1.0 Fighting
 - Level 2.0 Dodging
 + Level 4.0 Stealth
 + Level 4.4 Unarmed Combat
 - Level 2.0 Spellcasting
 + Level 4.0 Transmutations


You had 2 spell levels left.
You knew the following spells:

 Your Spells              Type           Power        Failure   Level  Hunger
a - Beastly Appendage     Tmut           ##....       4%          1    #......
b - Sticks to Snakes      Tmut           ##......     6%          2    ###....
c - Ice Form              Ice/Tmut       #.......     67%         4    #####..


Dungeon Overview and Level Annotations

Branches:
Dungeon (4/15)
 Temple: D:4-7

Altars:

Annotations:
D:3 Menkaure
D:4 Eustachio, Pikel


Innate Abilities, Weirdness & Mutations

You cannot wear most types of armour.
You are very stealthy in the water. (Stealth+)
You are amphibious.
You can wear up to eight rings at the same time.
You can use your tentacles to constrict eight enemies at once.
Your skin changes colour to match your surroundings (Stealth+).
Your rubbery body absorbs attacks. (AC +1, EV +1)
One of your tentacles bears a large vicious spike.


Message History

You pierce Menkaure.
You squeeze Menkaure, but do no damage.
Menkaure is moderately damaged.
Your ball python bites Menkaure.
Your ball python constricts Menkaure.
Your ball python bites Menkaure but does no damage.
Menkaure gestures wildly while chanting.
Menkaure seems to speed up.
You tentacle-slap Menkaure but do no damage.
You pierce Menkaure, but do no damage.
Menkaure is moderately damaged.
Your ball python bites Menkaure.
Your ball python constricts Menkaure.
Your ball python barely misses Menkaure.
Menkaure hits you!!
Your ball python bites Menkaure but does no damage.
Your ball python constricts Menkaure.
You tentacle-slap Menkaure.
Menkaure is heavily damaged.
Your ball python bites Menkaure but does no damage.
Menkaure hits you!!
Ouch! That really hurt!
You die...

#..................##..
#.........####..#####..
#(........###..## #..
#.........##..## #..
#.........#..## #.<
#########...## #..
#......# #.. #MS....#
#.. #@S....# ###
########


You could see Menkaure and 2 friendly ball pythons.

Vanquished Creatures
  An orc priest (D:3)
  9 adders
  2 oozes
  2 worms
  4 dart slugs (D:1)
  A leopard gecko (D:4)
  2 orcs (D:3)
  7 giant cockroaches
  7 goblins
  6 hobgoblins
  A quokka (D:3)
  2 ball pythons (D:3)
  4 bats
  6 frilled lizards
  7 kobolds
  9 rats
70 creatures vanquished.

Vanquished Creatures (collateral kills)
  A worker ant (D:3)
  An adder (D:2)
  A rat (D:2)
3 creatures vanquished.

Grand Total: 73 creatures vanquished

Notes
Turn   | Place    | Note
-------+----------+-------------------------------------------
     0 | D:1      | spiff the Octopode Transmuter began the quest for the Orb.
     0 | D:1      | Reached XP level 1. HP: 13/13 MP: 3/3
   143 | D:1      | Reached XP level 2. HP: 18/18 MP: 3/5
   455 | D:1      | Reached XP level 3. HP: 19/23 MP: 4/6
   633 | D:2      | Learned a level 2 spell: Sticks to Snakes
   650 | D:2      | Reached skill level 1 in Stealth
  1302 | D:2      | Reached XP level 4. HP: 27/28 MP: 7/7
  1630 | D:2      | Learned a level 4 spell: Ice Form
  2110 | D:3      | Reached XP level 5. HP: 33/33 MP: 2/8
  2793 | D:4      | Noticed Eustachio
  2824 | D:3      | Reached XP level 6. HP: 36/38 MP: 6/9
  3036 | D:4      | Noticed Menkaure
  3037 | D:4      | Noticed Pikel
  3045 | D:3      | Slain by Menkaure

Skill      XL: |  1  2  3  4  5 |
---------------+----------------+-----
Stealth        | 2 3 4 |  4.0
Transmutations | 3 4 |  4.0
Unarmed Combat | 4 |  4.4
Fighting       | |  1.0
Dodging        | |  2.0
Spellcasting   | |  2.0

Action                   |  1- 3 |  4- 6 || total
-------------------------+-------+-------++-------
Melee: Unarmed           |    60 |    95 ||   155
       Constrict         |    14 |    22 ||    36
       Kick              |     8 |    14 ||    22
       Tentacles         |     8 |    10 ||    18
       Punch             |     1 |     3 ||     4
Throw: Javelin           |     2 |     1 ||     3
       Stone             |       |     2 ||     2
 Cast: Beastly Appendage |    10 |    14 ||    24
       Sticks to Snakes  |     4 |     8 ||    12
  Use: Scroll            |       |     8 ||     8
 Stab: Sleeping          |     5 |    10 ||    15
  Eat: Chunk             |     2 |     6 ||     8
Armor: Skin              |       |     2 ||     2
Dodge: Dodged            |    24 |    54 ||    78
